 Dungeon Crawl Stone Soup version 0.20-a0-522-g0b37eee (webtiles) character file.

29 Kaname the Poker (level 3, 27/27 HPs)
             Began as a Demonspawn Skald on Jan 25, 2017.
             Quit the game on level 2 of the Dungeon.
             The game lasted 00:01:19 (743 turns).

Kaname the Poker (Demonspawn Skald)                  Turns: 743, Time: 00:01:19

Health: 27/27      AC:  3    Str: 11    XL:     3   Next: 1%
Magic:  6/6        EV: 11    Int: 15    God:
Gold:   53         SH:  0    Dex: 12    Spells: 1/6 levels left

rFire    . . .     SeeInvis .   e - +1 spear (venom)
rCold    . . .     Gourm    .   b - +0 leather armour
rNeg     . . .     Faith    .   (no shield)
rPois    .         Spirit   .   (no helmet)
rElec    .         Reflect  .   (no cloak)
rCorr    .         Harm     .   (no gloves)
MR       .....                  (no boots)
Stlth    ..........             (no amulet)
Regen    0.1/turn               (no ring)
                                h - ring of loudness (curse)

@: no status effects
A: rot immunity, sanguine armour 1
a: no special abilities


You were on level 2 of the Dungeon.
You were not hungry.

You visited 1 branch of the dungeon, and saw 2 of its levels.

You collected 53 gold pieces.

Inventory:

Hand Weapons
 e - a +1 spear of venom (weapon)
Armour
 b - a +0 leather armour (worn)
Jewellery
 h - a cursed ring of loudness (left hand)
Scrolls
 g - a scroll of teleportation {unknown}
Potions
 f - a potion of brilliance {unknown}
 i - a potion of beneficial mutation {unknown}
Books
 c - a book of Battle

   Spells                             Type                      Level
   a - Infusion                       Charms                       1
   b - Shroud of Golubria             Charms/Translocation         2
   c - Song of Slaying                Charms                       2
   d - Spectral Weapon                Hexes/Charms                 3
   e - Regeneration                   Charms/Necromancy            3
Comestibles
 a - 2 meat rations
 d - a bread ration


   Skills:
 - Level 2.0 Fighting
 + Level 3.1 Polearms
 - Level 0.8 Armour
 - Level 1.7 Dodging
 - Level 2.0 Spellcasting
 - Level 2.6 Charms


You had one spell level left.
You knew the following spells:

 Your Spells              Type           Power        Failure   Level  Hunger
a - Infusion              Chrm           #...         12%         1    #......
b - Song of Slaying       Chrm           #.......     17%         2    ###....
c - Shroud of Golubria    Chrm/Tloc      #.........   30%         2    ###....


Dungeon Overview and Level Annotations

Branches:
Dungeon (2/15)

Altars:


Innate Abilities, Weirdness & Mutations

You are immune to rotting.
When seriously injured, your bleeding wounds create armour. (AC +0)


Message History

No target in view!
No target in view!
There is a stone staircase leading down here.
You climb downwards.
Found 9 gold pieces.
There is a stone staircase leading up here.
You now have 53 gold pieces (gained 9).
A goblin comes into view. It is wielding a dagger of venom.
The goblin shouts!
You see here a fruit.
You hit the goblin.
The goblin is poisoned.
The goblin is heavily wounded.
You kill the goblin!
You have reached level 3!
Your experience leads to an increase in your attributes!
Increase (S)trength, (I)ntelligence, or (D)exterity?
You feel clever.
Your demonic ancestry asserts itself...
You feel your blood ready itself to protect you.
You see here a dagger of venom.
Are you sure you want to abandon this character and quit the game? (Confirm with "yes".)

#.# #.# #.#
#.# #.# #.#
####%#
#....#######
#.#.@.......
#......#####
.....#...##
#######.##
#.# #.# #+#


There were no monsters in sight!

Vanquished Creatures
  A dart slug (D:1)
  2 giant cockroaches (D:1)
  4 goblins
  2 hobgoblins (D:1)
  3 jackals (D:1)
  3 bats (D:1)
  5 kobolds (D:1)
  5 rats (D:1)
25 creatures vanquished.

Notes
Turn   | Place    | Note
-------+----------+-------------------------------------------
     0 | D:1      | Kaname the Demonspawn Skald began the quest for the Orb.
     0 | D:1      | Reached XP level 1. HP: 16/16 MP: 3/3
    24 | D:1      | Reached skill level 2 in Polearms
    88 | D:1      | Gained mutation: You are immune to rotting. [demonic ancestry]
    88 | D:1      | Reached XP level 2. HP: 7/22 MP: 5/5
    92 | D:1      | Learned a level 2 spell: Song of Slaying
    95 | D:1      | Learned a level 2 spell: Shroud of Golubria
   411 | D:1      | Reached skill level 3 in Polearms
   741 | D:2      | Gained mutation: When seriously injured, your bleeding wounds create armour. (AC +0) [demonic ancestry]
   741 | D:2      | Reached XP level 3. HP: 27/27 MP: 6/6
   743 | D:2      | Quit the game

Vault maps used:
D:1:      scummos_arrival_hexagon
D:2:      first_bread, grunt_ministairs_1, uniq_robin

Skill      XL: |  1  2 |
---------------+-------+-----
Polearms       | 2 3 |  3.1
Fighting       | |  2.0
Armour         | |  0.8
Dodging        | |  1.7
Spellcasting   | |  2.0
Charms         | |  2.6

Action                   || total
-------------------------++-------
Melee: Spear             ||    74
Armor: Leather armour    ||    14
Dodge: Dodged            ||    37
